 Dungeon Crawl Stone Soup version 0.29-a0-506-ga2e7fffb44 (webtiles) character file.

Game seed: 7397333810189524322

63 Sabo the Cudgeller (level 3, -3/35 HPs)
             Began as a Troll Warper on May 28, 2022.
             Was a Follower of Cheibriados.
             Slain by a sky beast (6 damage)
             ... on level 3 of the Dungeon.
             The game lasted 00:10:13 (2047 turns).

Sabo the Cudgeller (Troll Warper)                   Turns: 2047, Time: 00:10:13

Health: -3/35      AC:  4    Str: 23    XL:     3   Next: 89%
Magic:  12/12      EV: 10    Int: 11    God:    Cheibriados [*.....]
Gold:   90         SH:  0    Dex: 11    Spells: 4/4 levels left

rFire   . . .      SeeInvis .   l - +0 whip (elec)
rCold   . . .      Faith    .   (no shield)
rNeg    . . .      Spirit   .   b - +0 robe
rPois   .          Reflect  .   (helmet restricted)
rElec   .          Harm     .   (no cloak)
rCorr   .          Rampage  .   (gloves unavailable)
Will    .....                   (boots unavailable)
Stlth   +.........              (no amulet)
HPRegen 0.91/turn               j - ring of magical power
MPRegen 0.13/turn               (no ring)

@: very slow
A: large, unfitting armour, claws 3, regeneration 1, shaggy fur 1, tough skin 1
a: Renounce Religion, Bend Time


You were on level 3 of the Dungeon.
You worshipped Cheibriados.
Cheibriados was aware of your devotion.
You visited 1 branch of the dungeon, and saw 3 of its levels.

You collected 90 gold pieces.

Inventory:

Hand Weapons
 a - a +0 mace
 l - a +0 whip of electrocution (weapon)
 o - a +0 hunting sling
Missiles
 d - 7 boomerangs of dispersal
 e - 6 silver javelins (quivered)
Armour
 b - a +0 robe (worn)
Jewellery
 j - a ring of magical power (left claw)
Scrolls
 c - 2 scrolls of blinking
 f - a scroll of amnesia
 g - a scroll of enchant armour {unknown}
 i - a scroll of teleportation {unknown}
 p - a scroll of summoning {unknown}
Potions
 h - a potion of attraction {unknown}
 k - a potion of haste {unknown}
 m - a potion of flight {unknown}
 n - 2 potions of lignification {unknown}


   Skills:
 + Level 1.7 Fighting
 + Level 3.1 Maces & Flails
 + Level 0.8 Throwing
 + Level 2.2 Dodging
 + Level 1.3 Spellcasting
 + Level 2.5 Translocations


You had 4 spell levels left.
You didn't know any spells.
Your spell library contained the following spells:

 Spells                   Type           Power      Damage    Failure   Level
 Blink                    Tloc           12%        N/A       17%         2
 Gell's Gravitas          Tloc           6%         N/A       32%         3
 Lesser Beckoning         Tloc           6%         N/A       32%         3
 Teleport Other           Tloc           6%         N/A       32%         3
 Frozen Ramparts          Ice            0%         1d2       67%         3
 Ice Form                 Ice/Tmut       0%         N/A       97%         4
 Summon Ice Beast         Ice/Summ       0%         N/A       97%         4
 Manifold Assault         Tloc           6%         N/A       97%         5


Dungeon Overview and Level Annotations

Branches:
Dungeon (3/15)

Altars:
Cheibriados


Innate Abilities, Weirdness & Mutations

You are too large for most types of armour.
You have claws for hands.
Your natural rate of healing is unusually fast.
You are covered in fur. (AC +1)
You have tough skin. (AC +1)


Message History

There is a faded altar of an unknown god here.
You cannot tell which god this altar belongs to.
Convert to them anyway?
Cheibriados accepts your prayer! Cheibriados welcomes you!
Cheibriados begins to support your attributes as your movement slows.
Cheibriados is now slowing the effects of poison on you.
You can now bend time to slow others.
Cheibriados raises the support of your attributes as your movement slows.
You are caught in the web!
There is a web here.
You struggle to detach yourself from the web.
You disentangle yourself.
Found 11 gold pieces.
A sky beast comes into view.
The sky beast hits you. The sky beast shocks you.
You closely miss the sky beast.
The sky beast hits you but does no damage.
You closely miss the sky beast. The sky beast hits you.
The sky beast shocks you.
You closely miss the sky beast. The sky beast barely misses you.
You closely miss the sky beast.
The sky beast hits you but does no damage.
You hit the sky beast.
The sky beast is lightly wounded.
The sky beast flickers out of sight!
Deactivating autopickup; reactivate with Ctrl-A.
Something hits you. Something shocks you.
You barely miss something. You hit something but do no damage.
Something hits you. Something shocks you.
You miss something. Something hits you but does no damage.
You miss something. Something hits you.
* * * LOW HITPOINT WARNING * * *
Something shocks you.
* * * LOW HITPOINT WARNING * * *
You closely miss something.
A sky beast appears from thin air!
Reactivating autopickup.
The sky beast hits you.
* * * LOW HITPOINT WARNING * * *
The sky beast shocks you.
You die...

#.. .. #.###############
#...............# #
####...........##
#.#####...........#
#.................#
#.................#
......Y@..........#
#.................######
#.....$.................
#......################.
#...... #. #...... #.
####### #. #. #.


You could see a sky beast.

Vanquished Creatures
  A gnoll (D:1)
  2 worms (D:2)
  A dart slug (D:2)
  5 bats
  3 endoplasms
  2 giant cockroaches (D:2)
  2 goblins
  5 hobgoblins
  3 jackals (D:2)
  5 kobolds
  4 quokkas
  3 ball pythons
  2 frilled lizards
  4 rats
42 creatures vanquished.

Notes
Turn   | Place    | Note
-------+----------+-------------------------------------------
     0 | D:1      | Sabo the Troll Warper began the quest for the Orb.
     0 | D:1      | Reached XP level 1. HP: 19/19 MP: 1/1
   183 | D:1      | Reached skill level 2 in Maces & Flails
   183 | D:1      | Reached XP level 2. HP: 11/27 MP: 2/2
   739 | D:1      | Reached XP level 3. HP: 33/33 MP: 3/3
  1175 | D:2      | Reached skill level 3 in Maces & Flails
  1960 | D:3      | Found a faded altar of an unknown god.
  1968 | D:3      | Prayed at the altar of an unknown god.
  1968 | D:3      | Became a worshipper of Cheibriados the Contemplative
  1968 | D:3      | Reached * piety under Cheibriados
  2034 | D:3      | Noticed a sky beast
  2047 | D:3      | Slain by a sky beast

Illustrated notes

Levels and vault maps discovered:
D:1:      dpeg_arrival_boxorama, layout_basic, nicolae_grassy_gnolls
D:2:      layout_basic
D:3:      minmay_diamond_boxcup, layout_basic, ebering_ecumenical_altar_webs,
          dk_noncrumbling_2, uniq_natasha

Skill      XL: |  1  2  3 |
---------------+----------+-----
Maces & Flails | 2 3 |  3.1
Dodging        | 2 |  2.2
Fighting       | |  1.7
Throwing       | |  0.8
Spellcasting   | |  1.3
Translocations | |  2.5

Action                   || total
-------------------------++-------
Melee: Mace              ||   114
       Whip              ||    18
       Punch             ||     1
  Use: Scroll            ||     2
Armor: Robe              ||    63
Dodge: Dodged            ||    97

Table legend: (Time is in decaauts)
 A = Elapsed time spent in this place.
 B = Non-inter-level travel time spent in this place.
 C = Inter-level travel time spent in this place.
 D = Time resting spent in this place.
 E = Time spent auto-exploring this place.
 F = Levels seen in this place.
 G = Mean time per level.
                   A        B        C        D        E       F      G
               +--------+--------+--------+--------+--------+-----+--------+
         Total |   2100 |   2100 |      0 |    113 |      0 |   3 |  700.0 |
       Dungeon |   2100 |   2100 |      0 |    113 |      0 |   3 |  700.0 |
               +--------+--------+--------+--------+--------+-----+--------+

Top non-repeatable levels by time:
     D:1: 957 daAuts
     D:2: 912 daAuts
     D:3: 230 daAuts
